 Dungeon Crawl Stone Soup version 0.25.1-2-g60ff931df9 (webtiles) character file.

Game seed: 12581787046470029953

10464 Erymatos the Cleaver (level 11, -1/101 HPs)
             Began as a Minotaur Berserker on Nov 16, 2020.
             Was a Believer of Trog.
             Killed from afar by a smoke demon (4 damage)
             ... with a ball of steam
             ... on level 2 of the Abyss.
             The game lasted 00:23:39 (10620 turns).

Erymatos the Cleaver (Minotaur Berserker)          Turns: 10620, Time: 00:23:40

Health: -1/101     AC: 17    Str: 23    XL:     11   Next: 36%
Magic:  19/19      EV: 17    Int:  4    God:    Trog [**....]
Gold:   165        SH:  5    Dex: 20    Spells: 10/10 levels left

rFire    + + .     SeeInvis +   K - +2 war axe "Xurih" {drain, *Noise Fragile rF+ Dex+6 SInv}
rCold    . . .     Gourm    .   (no shield)
rNeg     . . .     Faith    .   F - +1 ring mail of Coefo {*Slow rF+ Dex+2}
rPois    .         Spirit   .   (helmet restricted)
rElec    .         Reflect  +   (no cloak)
rCorr    .         Harm     .   u - +0 pair of gloves
MR       ++...                  N - +2 pair of boots
Stlth    +.........             y - amulet of reflection
HPRegen  1.26/turn              I - +4 ring of protection
MPRegen  0.16/turn              D - ring of magical power

@: lethally poisoned (-1 -> -1), liquid flames, berserk cooldown, regenerating,
slowed, glowing, very slow
A: retaliatory headbutt, horns 2
a: Berserk, Trog's Hand, Renounce Religion


You were on level 2 of the Abyss.
You worshipped Trog.
Trog was pleased with you.
You were not hungry.

You visited 2 branches of the dungeon, and saw 12 of its levels.
You visited the Abyss 1 time.

You collected 583 gold pieces.
You spent 418 gold pieces at shops.

Inventory:

Hand Weapons
 a - a +0 hand axe
 m - the +7 mace of Variability {chain chaos}
   (You found it on level 10 of the Dungeon)

   Each time it hits an enemy it has a different, random effect.
 K - the +2 war axe "Xurih" (weapon) {drain, *Noise Fragile rF+ Dex+6 SInv}
   (You bought it in a shop on level 5 of the Dungeon)

   A truly terrible weapon, it drains the life of those it strikes.
   It affects your dexterity (+6).
   It protects you from fire.
   It lets you see invisible.
   It may make noises in combat.
   It will be destroyed if unequipped.
 Q - the +6 war axe "Wylewn" {vorpal, *Rage Str+4 Dex+5, unknown}
   (You found it on level 10 of the Dungeon)

   It inflicts extra damage upon your enemies.
   It affects your strength (+4).
   It affects your dexterity (+5).
   It may make you go berserk in combat.
Armour
 g - a scarf of repulsion
 i - a +1 cloak
 q - the +0 chain mail of Midwinter {rC+ rCorr}
   (You found it on level 4 of the Dungeon)

   It protects you from cold.
   It provides partial protection from all sources of acid and corrosion.
 u - a +0 pair of gloves (worn)
 F - the +1 ring mail of Coefo (worn) {*Slow rF+ Dex+2}
   (You found it on level 5 of the Dungeon)

   It affects your dexterity (+2).
   It protects you from fire.
   It may slow you when you take damage.
 N - a +2 pair of boots (worn)
 U - a +2 leather armour of poison resistance
Jewellery
 r - an uncursed amulet of guardian spirit
 y - an amulet of reflection (around neck)
 D - a ring of magical power (right hand)
 I - a +4 ring of protection (left hand)
 M - an uncursed amulet of magic regeneration {unknown}
 S - a cursed amulet of inaccuracy {unknown}
Wands
 E - a wand of acid (8)
 G - a wand of disintegration (16)
 H - a wand of paralysis (11)
 J - a wand of polymorph (16)
 P - a wand of iceblast (8)
 T - a wand of random effects (12)
Scrolls
 b - 3 scrolls of magic mapping {unknown}
 e - 3 scrolls of enchant weapon
 f - a scroll of blinking {unknown}
 h - a scroll of noise {unknown}
 k - 3 scrolls of immolation {unknown}
 s - 2 scrolls of amnesia {unknown}
 v - a scroll of fog {unknown}
 A - 5 scrolls of remove curse
 B - 7 scrolls of teleportation {unknown}
 O - a scroll of fear {unknown}
 V - a scroll of vulnerability {unknown}
Potions
 d - 3 potions of resistance {unknown}
 j - a potion of mutation {unknown}
 l - 3 potions of heal wounds {unknown}
 n - a potion of stabbing
 o - 2 potions of brilliance {unknown}
 p - a potion of ambrosia
 t - a potion of lignification
 w - 3 potions of flight
 x - 3 potions of cancellation
 z - 3 potions of haste {unknown}
 C - a potion of might {unknown}
 L - 2 potions of curing {unknown}
 R - 3 potions of degeneration {unknown}
Comestibles
 c - 28 rations


   Skills:
 + Level 10.4 Fighting
 + Level 14.5 Axes
 + Level 9.6 Armour
 + Level 7.6 Dodging


You had 10 spell levels left.
You didn't know any spells.
Your spell library was empty.

Dungeon Overview and Level Annotations

Branches:
Dungeon (11/15)            Temple (1/1) D:4            Lair (0/6) D:9
    Orc (0/2) D:10

Altars:
Ashenzari
Cheibriados
Dithmenos
Elyvilon
Fedhas
Gozag
Hepliaklqana
Kikubaaqudgha
Makhleb
Nemelex Xobeh
Okawaru
Qazlal
Ru
Sif Muna
Trog
Uskayaw
Vehumet
Wu Jian
Xom
Yredelemnul
Zin
The Shining One

Shops:
D:5 (   D:9 *

Annotations:
D:6 2 transporters
D:9 3 runed translucent doors, H0rd4k's ghost, novice DEWz
D:11 Sonja


Innate Abilities, Weirdness & Mutations

You reflexively headbutt those who attack you in melee.
You have a pair of horns on your head.


Message History

Unknown command.
You barely miss the smoke demon. You headbutt the smoke demon.
The smoke demon is severely wounded.
You are covered in liquid flames!
* * * LOW HITPOINT WARNING * * *
You feel sick. The smoke demon gestures at you.
The sticky flame hits you but does no damage.
You are covered in liquid flames!
Okay, then.
You barely miss the smoke demon. Your headbutt misses the smoke demon.
The smoke demon is severely wounded.
You are covered in liquid flames!
* * * LOW HITPOINT WARNING * * *
The smoke demon barely misses you. The smoke demon misses you.
The smoke demon hits you.
* * * LOW HITPOINT WARNING * * *
The smoke demon gestures at you. The ball of steam hits you. You resist.
You die...

.##....###.##.###
# #...# # ...# .
#..## ##...#.#
.#.#!.##3 ...#
#... .......
...###.#..## #.
#.....### ##.
##3.# #.#.#.@##
#.. ###......# #.
. ##..#.. ...
#... # .# .#


You could see a smoke demon.

Vanquished Creatures
  3 two-headed ogres
  Pikel (D:5)
  A deep elf mage (D:10)
  Joseph (D:9)
  A kobold demonologist (D:11)
  A polar bear (D:11)
  2 trolls
  A hornet (D:11)
  2 hippogriffs
  A spriggan (D:7)
  A wyvern (D:10)
  4 yaks (D:8)
  A wraith (D:10)
  A vampire (D:10)
  3 chaos spawn (D:10)
  2 hungry ghosts (D:10)
  2 ice beasts
  7 sky beasts
  4 phantoms
  A black bear (D:9)
  A hornet zombie (D:8)
  3 orc warriors
  2 big kobolds (D:9)
  A gnoll sergeant (D:6)
  3 bullfrogs
  4 scorpions
  2 troll zombies (D:10)
  5 wights (D:8)
  5 crimson imps
  3 bullfrog zombies
  A centaur zombie (D:5)
  A quasit (D:10)
  5 hounds
  5 jellies
  4 orc priests
  3 orc wizards
  Crazy Yiuf (D:2)
  2 centaur skeletons
  A bullfrog skeleton (D:6)
  6 worker ants
  An iguana (D:8)
  6 ogre zombies (D:10)
  A hound zombie (D:5)
  A howler monkey zombie (D:9)
  7 gnolls
  13 adders
  A shadow imp (D:7)
  A white imp (D:11)
  4 oozes
  3 worms
  3 dart slugs
  7 leopard geckos
  29 orcs
  5 giant cockroaches
  9 goblins
  7 hobgoblins
  18 jackals
  5 quokkas
  2 ball pythons
  8 bats
  5 frilled lizards
  A goblin skeleton (D:10)
  2 goblin zombies (D:10)
  2 hobgoblin skeletons (D:10)
  2 hobgoblin zombies (D:10)
  19 kobolds
  3 orc skeletons (D:10)
  14 orc zombies (D:10)
  6 rats
283 creatures vanquished.

Vanquished Creatures (others)
  An adder (D:5)
  2 leopard geckos (D:5)
  A fungus (D:3)
4 creatures vanquished.

Grand Total: 287 creatures vanquished

Notes
Turn   | Place    | Note
-------+----------+-------------------------------------------
     0 | D:1      | Erymatos the Minotaur Berserker began the quest for the
                  | Orb.
     0 | D:1      | Reached XP level 1. HP: 19/19 MP: 0/0
   205 | D:1      | Reached XP level 2. HP: 27/27 MP: 1/1
   237 | D:1      | Reached skill level 4 in Axes
   630 | D:1      | Reached ** piety under Trog
   793 | D:1      | Reached XP level 3. HP: 26/33 MP: 2/2
  1532 | D:2      | Found a hazy altar of Hepliaklqana.
  1567 | D:2      | Found a hazy altar of Hepliaklqana.
  1570 | D:2      | Reached XP level 4. HP: 41/41 MP: 3/3
  1911 | D:2      | Reached skill level 5 in Axes
  2025 | D:2      | Found a runed translucent door.
  2026 | D:2      | Noticed Crazy Yiuf
  2278 | D:2      | Killed Crazy Yiuf
  2278 | D:2      | Reached skill level 5 in Fighting
  2278 | D:2      | Reached XP level 5. HP: 48/48 MP: 4/4
  2381 | D:3      | Reached *** piety under Trog
  2753 | D:3      | Found a blossoming altar of Fedhas.
  3174 | D:4      | Found a white marble altar of Elyvilon.
  3174 | D:4      | Found a burning altar of Makhleb.
  3246 | D:4      | Reached XP level 6. HP: 40/56 MP: 5/5
  3518 | D:4      | Reached skill level 6 in Axes
  3617 | D:4      | Found a staircase to the Ecumenical Temple.
  4091 | Temple   | Entered the Ecumenical Temple
  4514 | D:4      | Got a jewelled chain mail
  4525 | D:4      | Identified the cursed +0 chain mail of Midwinter {rC+
                  | rCorr} (You found it on level 4 of the Dungeon)
  4539 | D:4      | Got a distressingly furry robe
  4550 | D:5      | Entered Level 5 of the Dungeon
  4600 | D:5      | Noticed a slave
  4603 | D:5      | Noticed Pikel
  4604 | D:5      | Noticed a slave
  4606 | D:5      | Noticed a slave
  4612 | D:5      | Killed Pikel
  4612 | D:5      | Reached skill level 7 in Axes
  4612 | D:5      | Reached XP level 7. HP: 63/63 MP: 6/6
  4639 | D:5      | Found Fues's Weapon Shop.
  4666 | D:5      | Got a fading ring mail
  4780 | D:5      | Reached XP level 8. HP: 67/70 MP: 7/7
  4819 | D:5      | Reached **** piety under Trog
  5183 | D:5      | Identified the +1 ring mail of Coefo {*Slow rF+ Dex+2} (You
                  | found it on level 5 of the Dungeon)
  5193 | D:5      | Identified the cursed +0 robe "Juotoletucs" {-Cast rF++
                  | Int+2} (You found it on level 4 of the Dungeon)
  5412 | D:6      | Reached skill level 8 in Axes
  5747 | D:7      | Reached skill level 5 in Dodging
  6184 | D:6      | Found a transporter.
  6186 | D:6      | Noticed a kobold demonologist
  6187 | D:6      | Noticed an orc sorcerer
  6201 | D:6      | Found a transporter.
  6225 | D:6      | Found a sparkling altar of Nemelex Xobeh.
  6225 | D:6      | Found an ornate altar of the Wu Jian Council.
  6337 | D:6      | Found a glowing silver altar of Zin.
  6387 | D:6      | Reached skill level 9 in Axes
  6666 | D:8      | Reached XP level 9. HP: 79/79 MP: 8/8
  6884 | D:8      | Reached skill level 10 in Axes
  6915 | D:8      | Got an ancient hand axe
  6916 | D:8      | Identified the +5 hand axe of Gallantry {pain, rF++} (You
                  | found it on level 8 of the Dungeon)
  7359 | D:8      | Reached skill level 11 in Axes
  8389 | D:5      | Bought the +2 war axe "Xurih" {drain, *Noise Fragile rF+
                  | Dex+6 SInv} for 418 gold pieces
  8594 | D:9      | Found a staircase to the Lair.
  8704 | D:9      | Reached XP level 10. HP: 89/90 MP: 9/9
  8778 | D:9      | Noticed a two-headed ogre
  8783 | D:9      | Killed a two-headed ogre
  8783 | D:9      | Reached skill level 12 in Axes
  8931 | D:9      | Found a runed translucent gate.
  8931 | D:9      | Found a runed translucent gate.
  8931 | D:9      | Found a runed translucent gate.
  8932 | D:9      | Found an opulent altar of Gozag.
  8939 | D:9      | Found Xinallem's Assorted Antiques.
  8939 | D:9      | Noticed a deep elf mage
  8939 | D:9      | Noticed H0rd4k's ghost (novice DEWz)
  9203 | D:9      | Noticed Joseph
  9216 | D:9      | Killed Joseph
  9382 | D:10     | Entered Level 10 of the Dungeon
  9469 | D:10     | Reached * piety under Trog
  9532 | D:10     | Noticed a deep elf mage
  9540 | D:10     | Killed a deep elf mage
  9633 | D:10     | Found the +7 mace of Variability {chain chaos}
  9642 | D:10     | Reached skill level 13 in Axes
  9933 | D:10     | Found a shimmering altar of Xom.
 10005 | D:10     | Noticed a two-headed ogre
 10016 | D:10     | Killed a two-headed ogre
 10016 | D:10     | Reached skill level 10 in Fighting
 10016 | D:10     | Reached XP level 11. HP: 99/99 MP: 10/10
 10020 | D:10     | Found a staircase to the Orcish Mines.
 10048 | D:10     | Paralysed by fainting for 9 turns
 10104 | D:10     | Got a slimy war axe
 10572 | D:11     | Reached skill level 14 in Axes
 10577 | D:11     | Noticed a two-headed ogre
 10578 | D:11     | Noticed Sonja
 10584 | D:11     | Noticed a tengu warrior
 10587 | D:11     | Killed a two-headed ogre
 10594 | D:11     | Cast into level 2 of the Abyss (Sonja)
 10620 | Abyss:2  | HP: 5/101 [burnt (2)]
 10620 | Abyss:2  | Killed from afar by a smoke demon

Illustrated notes

Levels and vault maps discovered:
D:1:      sevenhm_arrival_forest_fort_small_6, layout_basic
D:2:      minmay_chambers_of_ones, layout_loops_corners, old_standard_altar,
          lemuel_tele_altar, uniq_crazy_yiuf_cottage
D:3:      layout_loops_ring, fedhas_altar_3
D:4:      layout_basic, gammafunk_temple_overflow_elements,
          minmay_temple_entry_nine_rooms, first_ration
D:5:      layout_basic, serial_shops, shop, uniq_pikel
D:6:      gammafunk_wand_slinger, layout_basic, kennysheep_mini_moat,
          chequers_temple_overflow_statue_of_worship
D:7:      layout_basic, the_bakery, solitary_fountain
D:8:      wander_river, layout_basic, chequers_decorated_corner
D:9:      layout_grid_maze, lair_entry_dummy, ebering_ghost_gozag,
          minmay_unpleasant_kobolds, uniq_joseph
D:10:     lemuel_upstairs_altar, layout_gridville, zombieorc2_lemuel,
          minmay_guarded_unrand_variability
D:11:     layout_long_grid, serial_ice, serial_ice_d, serial_ice_b,
          serial_ice_f, serial_ice_o, serial_ice_l,
          portal_ice_cave_demonic_guard, small_chamber_with_monster, uniq_sonja,
          uniq_snorg
Temple:   nicolae_temple_elliptical
Abyss:2:  base:
Temple

Skill      XL: |  1  2  3  4  5  6  7  8  9 10 11 |
---------------+----------------------------------+-----
Axes           | 4 5 7 9 11 13 14 | 14.5
Fighting       | 4 5 6 7 8 10 | 10.4
Dodging        | 3 4 5 6 7 |  7.6
Armour         | 3 6 7 8 9 |  9.6

Action                   |  1- 3 |  4- 6 |  7- 9 | 10-12 || total
-------------------------+-------+-------+-------+-------++-------
Melee: Hand axe          |    90 |   153 |   261 |       ||   504
       Headbutt          |    13 |    26 |    72 |    53 ||   164
       War axe           |       |       |    21 |   204 ||   225
Invok: Berserk           |       |     3 |     4 |     3 ||    10
       Trog's Hand       |       |       |       |     2 ||     2
  Use: Scroll            |       |       |     4 |     4 ||     8
 Stab: Sleeping          |     2 |       |       |       ||     2
  Eat: Chunk             |     2 |     9 |    13 |     7 ||    31
       Ration            |       |     1 |     1 |     1 ||     3
Armor: Animal skin       |    25 |       |       |       ||    25
       Ring mail         |     4 |    39 |    89 |    68 ||   200
       Chain mail        |       |     2 |    15 |       ||    17
Dodge: Dodged            |    58 |    77 |   142 |   139 ||   416
       Repelled          |     1 |     2 |       |       ||     3
Block: Other             |       |       |    36 |    31 ||    67
       Reflection        |       |       |     2 |     1 ||     3
